 Dungeon Crawl Stone Soup version 0.29.1-2-gbd0b4ee654 (webtiles) character file.

Game seed: 15943974912185083868

63 llahlahkje the Trooper (level 3, -4/29 HPs)
             Began as a Demonspawn Abyssal Knight on Oct 25, 2022.
             Was a Believer of Lugonu.
             Slain by a small abomination (6 damage)
             ... on level 3 of the Dungeon.
             The game lasted 00:09:49 (1897 turns).

llahlahkje the Trooper (Demonspawn Abyssal Knight)  Turns: 1897, Time: 00:09:50

Health: -4/29      AC:  7    Str: 15    XL:     3   Next: 87%
Magic:  4/4        EV: 11    Int: 11    God:    Lugonu [**....]
Gold:   91         SH:  0    Dex: 13    Spells: 2/2 levels left

rFire   + . .      SeeInvis .   a - +3 spear
rCold   + . .      Faith    .   (no shield)
rNeg    . . .      Spirit   .   b - +0 leather armour
rPois   .          Reflect  .   (no helmet)
rElec   .          Harm     .   (no cloak)
rCorr   .          Rampage  .   e - +0 pair of gloves
Will    .....                   l - +0 pair of boots
Stlth   +.........              (no amulet)
HPRegen 0.09/turn               c - ring of protection from fire
MPRegen 0.09/turn               i - ring of protection from cold

@: no status effects
A: molten scales 1
a: Renounce Religion, Depart the Abyss, Bend Space


You were on level 3 of the Dungeon.
You worshipped Lugonu.
Lugonu was pleased with you.
You visited 1 branch of the dungeon, and saw 3 of its levels.
You visited the Abyss 1 time.

You collected 91 gold pieces.

Inventory:

Hand Weapons
 a - a +3 spear (weapon)
 k - a +2 dagger of venom
Missiles
 d - 4 poisoned darts
Armour
 b - a +0 leather armour (worn)
 e - a +0 pair of gloves (worn)
 l - a +0 pair of boots (worn)
 p - a +0 leather armour
Jewellery
 c - a ring of protection from fire (left hand)
 i - a ring of protection from cold (right hand)
 j - a ring of ice
Wands
 g - a wand of mindburst (6)
Potions
 f - a potion of haste
 h - a potion of mutation {unknown}
 m - a potion of heal wounds {unknown}
 n - a potion of invisibility {unknown}
 o - 2 potions of curing {unknown}


   Skills:
 + Level 3.6 Fighting
 * Level 2.7 Polearms
 - Level 2.0 Armour
 - Level 1.2 Dodging
 * Level 0.9 Stealth
 + Level 2.6 Invocations


You had 2 spell levels left.
You didn't know any spells.
Your spell library contained the following spells:

 Spells                   Type           Power      Damage    Failure   Level
 Static Discharge         Conj/Air       0%         3-3/arc   54%         2
 Lightning Bolt           Conj/Air       0%         1d11      100%        5
 Maxwell's Capacitive Co  Air            0%         ∞         100%        8


Dungeon Overview and Level Annotations

Branches:
Dungeon (3/15)

Altars:
Ru

Portals:
Abyss: D:3

Annotations:
D:3 Homeless's ghost, amateur KoHu


Innate Abilities, Weirdness & Mutations

You are partially covered in molten scales. (AC +2)


Message History

You enter the transporter and appear at another place.
A kobold, a Homeless's ghost and 2 small abominations come into view.
The kobold is wielding a +0 short sword of distortion.
The kobold shouts!
Homeless's ghost turns its malevolent gaze towards you.
Found a fizzy golden potion.
Found a one-way gate to the infinite horrors of the Abyss.
Found 2 gold pieces.
You see here 7 gold pieces.
You now have 91 gold pieces (gained 7).
Homeless's ghost barely misses you.
You closely miss the kobold. The kobold barely misses you.
Homeless's ghost barely misses you.
You hit the kobold.
You kill the kobold!
Lugonu accepts your kill. Homeless's ghost hits you.
The small abomination barely misses you.
The small abomination enters a dispersal trap!
Homeless's ghost blinks!
The small abomination blinks! x2; You blink.
The small abomination blinks!
Homeless's ghost hits you.
There is a transporter landing site here.
Things that are here:
a +0 short sword of distortion; a fizzy golden potion; a kobold corpse The small abomination barely misses you.
The small abomination attacks as you move away!
The small abomination closely misses you.
The small abomination enters a dispersal trap!
Homeless's ghost blinks!
The small abomination blinks!
Homeless's ghost blinks!
You blink.
There is a transporter here.
You see here a +0 leather armour.
p - a +0 leather armour You enter the transporter and appear at another place.
The small abomination hits you!!
Ouch! That really hurt!
* * * LOW HITPOINT WARNING * * *
You hit the small abomination.
The small abomination is lightly damaged.
The small abomination hits you.
You die...

..###...##
#......#.?.#..###.#.##
.......##
#.##...##..#.##.#...##
.......#
#.##....##§x.#..##x##.
..###.>#
>##.....#©..##..###..
.....(.#
##.....#...##.......
......##
....###.##.##......
#.##..## #...
.#.§.######.. .......#
#..##.∩.###..#####.
####...#
#.@#$#.##©#.#....#.
#...##
#x.##.##..##.#####.
#....#
#...###....####....
####....#
#.........)........
........#
#..................
######.##
############..##..#
######.## #.......
........# #.##.#.#
######..# #.##.#.#


You could see a small abomination.

Vanquished Creatures
  An adder (D:3)
  4 dart slugs (D:2)
  An orc (D:3)
  4 bats
  5 endoplasms
  2 giant cockroaches (D:1)
  2 goblins
  4 hobgoblins
  3 quokkas
  3 ball pythons
  4 frilled lizards
  5 kobolds
  4 rats
42 creatures vanquished.

Notes
Turn   | Place    | Note
-------+----------+-------------------------------------------
     0 | Abyss:1  | llahlahkje the Demonspawn Abyssal Knight began the quest
                  | for the Orb.
     0 | Abyss:1  | Reached XP level 1. HP: 18/18 MP: 2/2
     9 | Abyss:1  | Found a candlelit altar of Ignis.
    29 | Abyss:2  | Found a corrupted altar of Lugonu.
    38 | D:1      | Escaped the Abyss
   200 | D:1      | Reached skill level 1 in Dodging
   218 | D:1      | Reached ** piety under Lugonu
   227 | D:1      | Gained mutation: You are partially covered in molten
                  | scales. (AC +2) [demonic ancestry]
   227 | D:1      | Reached XP level 2. HP: 16/24 MP: 3/3
   655 | D:1      | Found a faded altar of an unknown god.
  1253 | D:2      | Reached XP level 3. HP: 29/29 MP: 4/4
  1638 | D:3      | Found a sacrificial altar of Ru.
  1851 | D:3      | Noticed a small abomination
  1880 | D:3      | Found a transporter.
  1881 | D:3      | Found a transporter.
  1885 | D:3      | Noticed a small abomination
  1885 | D:3      | Noticed Homeless's ghost (amateur KoHu)
  1885 | D:3      | Noticed a small abomination
  1885 | D:3      | Found a one-way gate to the infinite horrors of the Abyss.
  1897 | D:3      | Slain by a small abomination

Illustrated notes

Levels and vault maps discovered:
D:1:      nzn_arrival_depleted_hourglass, layout_basic,
          shapermc_ecumenical_altar_totnotflames, minmay_tromino_v4_a
D:2:      layout_loops_corners, kennysheep_cluttered_room
D:3:      layout_loops_ring, nicolae_ru_sacrificial_ziggurat,
          gammafunk_ghost_abyssal_escape

Skill      XL: |  1  2 |
---------------+-------+-----
Dodging        | 1 |  1.2
Polearms       | 2 |  2.7
Armour         | 2 |  2.0
Fighting       | |  3.6
Stealth        | |  0.9
Invocations    | |  2.6

Action                   || total
-------------------------++-------
Melee: Spear             ||   115
Invok: Depart the Abyss  ||     1
  Use: Scroll            ||     5
       Potion            ||     2
 Stab: Sleeping          ||     3
       Distracted        ||     1
Armor: Leather armour    ||    45
Dodge: Dodged            ||    77
